[Event "Live Chess"]
[Site "Chess.com"]
[Date "2023.05.20"]
[Round "-"]
[White "Singapourfeuj"]
[Black "flyingpuffins"]
[Result "1-0"]
[WhiteElo "2251"]
[BlackElo "1960"]
[TimeControl "300"]
[EndTime "10:23:18 PDT"]
[Termination "Singapourfeuj won by resignation"]

1. d4 d5 2. c4 c6 3. Nf3 Nf6 4.
Nc3 dxc4 5. a4 Bf5 6. e3 e6 7. Bxc4 Bb4 8. O-O Nbd7 9. Qe2 Bg6 10. Rd1 O-O 11. Bd2 Qe7 12. h3 e5 13. dxe5 Nxe5 14. Nxe5 Qxe5 15. Be1 Bh5 16. g4 Bg6 17. f4 Qc5 18. f5 Bxf5 19. gxf5 Qxf5 20. Qg2 Bc5 21. Bh4 Bxe3+ 22. Kh1 Nh5 23. Rf1 Qc5 24. Be2 Nf4 25. Rxf4 Bxf4 26. Ne4 Qd5 27. Nf6+ 1-0

[Event "Live Chess"]
[Site "Chess.com"]
[Date "2023.05.20"]
[Round "-"]
[White "JanMur7"]
[Black "misha464"]
[Result "1-0"]
[WhiteElo "1982"]
[BlackElo "761"]
[TimeControl "300"]
[EndTime "10:23:22 PDT"]
[Termination "JanMur7 won by resignation"]

1. e4 e5 2. Nf3 Nc6 3. Nc3 Bb4 4. Nd5 Nf6 5. Nxb4 Qe7 6. Nxc6 dxc6 7. Bc4 O-O 8. O-O Qc5 9. d3 b5 10. Be3 Qd6 11. Bb3 a5 12. a4 b4 13. d4 exd4 14. Qxd4 Qe7 15. e5 Nd5 16. Bxd5 cxd5 17. Qxd5 Ba6 18.
Rfe1 Rfd8 19. Qc5 Qe6 20. Rad1 Re8 21. Nd4 Qxe5 22. Qxe5 Rxe5 23. Nc6 Bb7 24. Nxe5 1-0

[Event "Live Chess"]
[Site "Chess.com"]
[Date "2023.05.20"]
[Round "-"]
[White "boilerboy1"]
[Black "Wlzard-1"]
[Result "0-1"]
[WhiteElo "1086"]
[BlackElo "960"]
[TimeControl "300"]
[EndTime "10:23:23 PDT"]
[Termination "Wlzard-1 won on time"]

1. e4 e5 2. Nf3 Nc6 3. Nc3 Nf6 4. Be2 g6 5. O-O Bg7 6. d3 O-O 7. Bg5 b6 8. Re1 Bb7 9. Nd5 Rc8 10. c3 d6 11. h4 h5 12. a3 a6 13. b4 a5 14. b5 Na7 15. Nxf6+ Bxf6 16. Bxf6 Qxf6 17.
Ng5 Nxb5 18. Qc2 Kg7 19. Bf3 Qf4 20. c4 Nd4 21. Qd1 Qxh4 22. Nh3 Qf6 23. Re3 Ne6 24. Bxh5 gxh5 25. Qxh5 Rh8 26. Rg3+ Kf8 27. Qg4 Ke7 28. Ng5 Rcg8 0-1

[Event "Live Chess"]
[Site "Chess.com"]
[Date "2023.05.20"]
[Round "-"]
[White "PantherCal"]
[Black "domrobson"]
[Result "0-1"]
[WhiteElo "1858"]
[BlackElo "1729"]
[TimeControl "300"]
[EndTime "10:23:26 PDT"]
[Termination "domrobson won by resignation"]

1. e4 e5 2. Nf3 Nc6 3. Bb5 a6 4. Ba4 Nf6 5. O-O Nxe4 6. Re1 Nc5 7. Bxc6 dxc6 8. Nxe5 Be7 9. d4 Ne6 10. c3 O-O 11.
Be3 Bf6 12. Nd2 c5 13. Ndf3 cxd4 14. cxd4 Qd5 15. Qd2 Rd8 16. Red1 c6 17. a3 Bd7 18. Rac1 Be8 19. b4 Rac8 20. Qb2 c5 21. bxc5 Bxe5 22. Nxe5 Rxc5 23. Rxc5 Nxc5 24. Re1 Ne6 25. Qxb7 Qxb7 26.
g3 Nxd4 27. Bxd4 Rxd4 28. Nf3 Rd8 29. Ne5 f6 30. Nc4 Bb5 31. Ne3 Re8 32. Rb1 Qe4 33.
Rc1 Bc6 34. Rxc6 Qxc6 35. Kf1 Rxe3 36. fxe3 Qf3+ 37. Ke1 Qxe3+ 38. Kd1 Qxa3 0-1

[Event "Live Chess"]
[Site "Chess.com"]
[Date "2023.05.20"]
[Round "-"]
[White "ClassyChameleon"]
[Black "MartynColebrook"]
[Result "1/2-1/2"]
[WhiteElo "1044"]
[BlackElo "1101"]
[TimeControl "300"]
[EndTime "10:23:28 PDT"]
[Termination "Game drawn by agreement"]

1. e4 d5 2. Nc3 d4 3. Nce2 e5 4. c3 c5 5. cxd4 cxd4 6. Nf3 Nc6 7. d3 Bb4+ 8. Bd2 Bxd2+ 9. Qxd2 Bg4 10. Ng3 Qf6 11. Be2 Nge7 12. O-O Ng6 13. h3 Bd7 14. b4 Nf4 15. b5 Ne7 16. Qb4 h5 17. Bd1 Nxd3 18. Qc4 Nf4 19. Ba4 Rc8 20. Qb4 h4 21. Ne2 Nxe2+ 22. Kh1 g5 23. b6 axb6 24. Bxd7+ Kxd7 25. Qb5+ Nc6 26. Qxe2 g4 27. Nd2 gxh3 28. Qg4+ Qe6 29. Qxh3 Qxh3+ 30. gxh3 Rcg8 31. Nf3 Ke6 32. Rg1 Rxg1+ 33. Rxg1 f5 34. Ng5+ Kf6 1/2-1/2

[Event "Live Chess"]
[Site "Chess.com"]
[Date "2023.05.20"]
[Round "-"]
[White "siddu198"]
[Black "Tema1107"]
[Result "1-0"]
[WhiteElo "1640"]
[BlackElo "1965"]
[TimeControl "300"]
[EndTime "10:23:34 PDT"]
[Termination "siddu198 won on time"]

1. e4 c5 2. Nf3 d6 3. Nc3 Nf6 4. Bb5+ Bd7 5. d3 Bxb5 6. Nxb5 a6 7. Nc3 g6 8. Bg5 Bg7 9. O-O O-O 10. Nd2 Nc6 11.
Nf3 h6 12. Be3 Ng4 13. h3 Nxe3 14. fxe3 b5 15. Rb1 b4 16. Nd5 e6 17. Nf4 a5 18. d4 cxd4 19. exd4 Qb6 20. c3 Rab8 21. Qd2 bxc3 22. bxc3 Qxb1 23. Rxb1 Rxb1+ 24. Kh2 Rfb8 25. Qe3 R8b2 26. Nd3 Rxa2 27. Nd2 Rd1 28. Nf3 a4 29. Nf2 Rf1 30. Nd2 Rfa1 31. Nc4 a3 32. Nxd6 Bf8 33. e5 Rc2 34. Qf3 Nd8 35. Nfe4 a2 36. Nf6+ Kg7 37. Nh5+ Kh8 38. Qf6+ 1-0

[Event "Live Chess"]
[Site "Chess.com"]
[Date "2023.05.20"]
[Round "-"]
[White "ACx04"]
[Black "martinsmartin63"]
[Result "0-1"]
[WhiteElo "431"]
[BlackElo "762"]
[TimeControl "300"]
[EndTime "10:23:36 PDT"]
[Termination "martinsmartin63 won by checkmate"]

1. e4 e5 2. Bc4 Bc5 3. Nf3 Nc6 4. Nc3 Nf6 5. Ng5 d5 6. exd5 Nd4 7. O-O O-O 8. d6 cxd6 9. Nge4 Nxe4 10. Nxe4 Bd7 11.
Ng5 Be6 12. Nxe6 Nxe6 13. Bxe6 fxe6 14. Qe2 Bb6 15. Re1 d5 16. d3 d4 17. c4 dxc3 18.
bxc3 e4 19. Qxe4 Qe8 20. Qxb7 Qf7 21. Qe4 Qxf2+ 22. Kh1 Rf4 23. Qxe6+ Kh8 24. Bxf4 Qxf4 25. Re4 Qf2 26. g4 Qf3# 0-1

[Event "Live Chess"]
[Site "Chess.com"]
[Date "2023.05.20"]
[Round "-"]
[White "Nazarenko_vital"]
[Black "SimpleHarmonic1"]
[Result "1-0"]
[WhiteElo "1603"]
[BlackElo "2044"]
[TimeControl "300"]
[EndTime "10:23:46 PDT"]
[Termination "Nazarenko_vital won by resignation"]

1. e4 d6 2. d4 Nf6 3. Nd2 g6 4. Bd3 Bg7 5. c3 O-O 6. Ne2 e5 7. d5 c6 8. c4 c5 9. O-O Ne8 10.
f4 exf4 11. Rxf4 Be5 12. Rf1 Bg4 13. h3 Qh4 14. Qe1 Qxe1 15. Rxe1 Bxe2 16. Rxe2 Bd4+ 17.
Kh1 Nd7 18. Nf3 Ng7 19. Nxd4 cxd4 20. Bf4 Ne5 21. Rd1 Nh5 22. Bh2 Rac8 23. b3 b5 24. Ree1 bxc4 25. Bxc4 Nxc4 26. bxc4 Rxc4 27. Bxd6 Re8 28.
Bh2 d3 29. Rxd3 Rcxe4 30. Rxe4 Rxe4 31. d6 Re1+ 32. Bg1 Re8 33. Bxa7 Rd8 34. Bb6 Rd7 35. a4 Nf4 36. Rd2 Ne6 37. a5 Nd8 38. Bxd8 Rxd8 39. d7 Kf8 40. a6 Ke7 41. a7 f6 42. Re2+ Kd6 43. Re8 Kxd7 44. Rxd8+ Kxd8 1-0

[Event "Live Chess"]
[Site "Chess.com"]
[Date "2023.05.20"]
[Round "-"]
[White "Greenbecker"]
[Black "JackCheetham1"]
[Result "0-1"]
[WhiteElo "1647"]
[BlackElo "1699"]
[TimeControl "300"]
[EndTime "10:23:46 PDT"]
[Termination "JackCheetham1 won by resignation"]

1. e4 d6 2. d4 Nf6 3. Bd3 g6 4. Nf3 Bg7 5. O-O Bg4 6. Re1 Nc6 7. c3 e5 8. d5 Ne7 9. Bg5 h6 10. Be3 O-O 11. Qd2 Kh7 12. Be2 Nxe4 13. Qd3 f5 14. h3 Bxf3 15. Bxf3 Nf6 16. c4 e4 17. Bxe4 fxe4 18. Qe2 Nf5 19. Bd4 Nxd4 0-1

[Event "Live Chess"]
[Site "Chess.com"]
[Date "2023.05.20"]
[Round "-"]
[White "MaximKris"]
[Black "lightningorderyt"]
[Result "1-0"]
[WhiteElo "1850"]
[BlackElo "522"]
[TimeControl "300"]
[EndTime "10:23:47 PDT"]
[Termination "MaximKris won by resignation"]

1. e4 c6 2. Nf3 d5 3. Nc3 Nf6 4. exd5 cxd5 5. d4 Nc6 6. Bf4 Bf5 7.
Bb5 e6 8. O-O Bd6 9. Bxd6 Qxd6 10. Ne5 O-O 11. Bxc6 bxc6 12. Na4 Rac8 13. Nc5 Ne4 14.
Nxe4 Bxe4 15. f3 Bf5 16. Re1 f6 17. Nd3 Qb8 18. b3 h5 19. Nc5 Qf4 20. Nxe6 Bxe6 21.
Rxe6 Rfe8 22. g3 Qg5 23. Qe2 Rxe6 24. Qxe6+ Kh8 25. Qxc8+ Kh7 26. Qe6 h4 27. Re1 hxg3 28. Qh3+ Kg6 29. Qxg3 Qxg3+ 30. hxg3 1-0

[Event "Live Chess"]
[Site "Chess.com"]
[Date "2023.05.20"]
[Round "-"]
[White "ramses-IIG"]
[Black "djw60"]
[Result "0-1"]
[WhiteElo "759"]
[BlackElo "2139"]
[TimeControl "300"]
[EndTime "10:23:49 PDT"]
[Termination "djw60 won by checkmate"]

1. e4 e5 2. Nf3 Nc6 3. Bc4 Nf6 4. Ng5 d5 5. exd5 Na5 6. Bb5+ c6 7. dxc6 bxc6 8. Ba4 h6 9. Nf3 e4 10. Ne5 Qd4 11. Nxc6 Qxa4 12. Nc3 Qxc6 13. d3 Bb4 14. O-O O-O 15. Bd2 exd3 16. cxd3 Bb7 17. f3 Bxc3 18. Bxc3 Qb6+ 19. Kh1 Nd5 20. Bd2 Nc6 21. b3 Ne3 22. Bxe3 Qxe3 23. Re1 Qd4 24. Re4 Qd6 25.
d4 Rad8 26. Rh4 Nxd4 27. Qe1 Rfe8 28. Qc3 Nf5 29. Rh5 Qd1+ 30. Qe1 Rxe1# 0-1

[Event "Live Chess"]
[Site "Chess.com"]
[Date "2023.05.20"]
[Round "-"]
[White "Brooms1989"]
[Black "Chesscoach_Golichenko"]
[Result "0-1"]
[WhiteElo "986"]
[BlackElo "2647"]
[TimeControl "300"]
[EndTime "10:23:55 PDT"]
[Termination "Chesscoach_Golichenko won by checkmate"]

1. e4 Nf6 2. Nc3 d6 3. Nf3 g6 4. d4 Bg7 5. Bd3 O-O 6. O-O c6 7. h3 b5 8. Bd2 a5 9. Qc1 b4 10. Ne2 Ba6 11. Bxa6 Nxa6 12. Bh6 Nxe4 13. Bxg7 Kxg7 14. Ng3 Nxg3 15. fxg3 Nc7 16. c3 c5 17. dxc5 dxc5 18. Rd1 Qc8 19. Qc2 Rd8 20. Rxd8 Qxd8 21. Rd1 Qe8 22. Qe4 Ne6 23. h4 Rd8 24. Qe5+ Kg8 25.
Rxd8 Qxd8 26. Ng5 Nxg5 27. Qxg5 Qd6 28. h5 Qd1+ 29. Kh2 Qxh5+ 30. Qxh5 gxh5 31. Kh3 Kg7 32. Kh4 Kg6 33. g4 hxg4 34. Kxg4 e5 35. Kf3 f5 36. g3 h5 37. cxb4 cxb4 38. Kg2 Kg5 39. Kf3 e4+ 40. Kf2 Kg4 41. Kg2 a4 42. Kf2 a3 43. b3 h4 44. gxh4 f4 45. h5 Kxh5 46. Ke2 Kg4 47. Kf2 f3 48. Kf1 Kg3 49. Kg1 e3 50.
Kf1 Kf4 51. Kg1 Ke4 52. Kf1 Kd3 53. Ke1 f2+ 54. Kf1 Kd2 55. Kg2 Ke2 56. Kg3 f1=Q 57.
Kg4 Qf3+ 58. Kh4 Kf2 59. Kg5 e2 60. Kg6 e1=Q 61. Kg5 Qg1+ 62. Kh4 Qfh1# 0-1

[Event "Live Chess"]
[Site "Chess.com"]
[Date "2023.05.20"]
[Round "-"]
[White "Ishaan1618"]
[Black "ranvir123"]
[Result "0-1"]
[WhiteElo "618"]
[BlackElo "897"]
[TimeControl "300"]
[EndTime "10:24:01 PDT"]
[Termination "ranvir123 won on time"]

1. f4 e5 2. Nh3 exf4 3. Nxf4 Qh4+ 4. g3 Qf6 5. d3 Bc5 6. Na3 g5 7. Nd5 Qf2+ 8. Kd2 Be3+ 9. Nxe3 Nc6 10. Nf5 Qxf5 11. e4 Qf2+ 12. Qe2 Qxe2+ 13. Bxe2 Nge7 14. b3 f6 15. Bb2 Rf8 16. Bxf6 Rxf6 17. Bh5+ Ng6 18. Bxg6+ hxg6 19. e5 Nxe5 20. Nc4 Nxc4+ 21. bxc4 c6 22. Rhe1+ Re6 23. Rxe6+ dxe6 24. Ke3 b5 25. cxb5 cxb5 26. Rb1 Ba6 27. d4 Rc8 28. d5 exd5 29. Kd4 Rxc2 30. Kxd5 Rxh2 31. Rg1 Rxa2 32. Rh1 Kf7 33. Rh4 b4 34. Rg4 Rb2 35. Rxg5 b3 36. Re5 Rd2+ 37. Kc5 b2 38. Re1 Rc2+ 39. Kd5 Rc1 0-1

[Event "Live Chess"]
[Site "Chess.com"]
[Date "2023.05.20"]
[Round "-"]
[White "NAZRIZ1977"]
[Black "f4nomore"]
[Result "1-0"]
[WhiteElo "2120"]
[BlackElo "1365"]
[TimeControl "300"]
[EndTime "10:24:03 PDT"]
[Termination "NAZRIZ1977 won by resignation"]

1. c4 g6 2. g3 Bg7 3. Bg2 d6 4. Nf3 Nf6 5. O-O O-O 6. Nc3 c5 7. Rb1 Nc6 8. a3 Bg4 9. b4 cxb4 10. axb4 Rc8 11. b5 Ne5 12. Nxe5 dxe5 13. d3 Nd7 14. Bxb7 Rb8 15. Bg2 Nc5 16. h3 Be6 17. Be3 Nd7 18.
Bxa7 Rc8 19. b6 Nxb6 20. Bxb6 Qd7 21. Kh2 e4 22. Nxe4 f5 23. Nc5 Qd6 24. Nxe6 Bh6 25. Nxf8 Rxf8 26. c5 Qe5 27. c6 f4 28. c7 fxg3+ 29.
fxg3 Re8 30. Qb3+ e6 31. Qb2 Qd6 32. Qf6 Bg7 33. Qf7+ Kh8 34. Qxe8+ 1-0

[Event "Live Chess"]
[Site "Chess.com"]
[Date "2023.05.20"]
[Round "-"]
[White "Duke_of_Bebington"]
[Black "Ian-Morley"]
[Result "1-0"]
[WhiteElo "1583"]
[BlackElo "1032"]
[TimeControl "300"]
[EndTime "10:24:04 PDT"]
[Termination "Duke_of_Bebington won by checkmate"]

1. e4 d5 2. exd5 Qxd5 3. d4 Qd8 4. Nf3 Nf6 5. Nc3 e6 6. Bb5+ Bd7 7. Be2 Bb4 8. O-O Bxc3 9. bxc3 O-O 10. Bg5 h6 11.
Bh4 g5 12. Nxg5 hxg5 13. Bxg5 e5 14. Bd3 exd4 15. cxd4 Nc6 16. Qf3 Qe7 17. Bxf6 Qe6 18. Qh5 Qf5 19. Bxf5 Bxf5 20. Qh8# 1-0

[Event "Live Chess"]
[Site "Chess.com"]
[Date "2023.05.20"]
[Round "-"]
[White "MrDodgy"]
[Black "yarek"]
[Result "1-0"]
[WhiteElo "2322"]
[BlackElo "1895"]
[TimeControl "300"]
[EndTime "10:24:12 PDT"]
[Termination "MrDodgy won on time"]

1. d4 g6 2. c4 Bg7 3. h4 h5 4.
Nc3 c6 5. e4 d6 6. Nf3 Bg4 7. Bg5 f6 8. Be3 Nh6 9. Qd2 Bxf3 10. gxf3 Nd7 11. O-O-O Qa5 12. Kb1 O-O-O 13. Rg1 Nf8 14. f4 Ng4 15. Bh3 f5 16. exf5 gxf5 17. Qd3 e6 18. Rde1 d5 19. c5 Ng6 20. f3 Nxe3 21. Rxg6 Nc4 22. Rxg7 Rhg8 23. Reg1 Rxg7 24.
Rxg7 Qb4 25. Rg2 a5 26. b3 Na3+ 27. Ka1 Kb8 28. Nb1 Nb5 29. Rd2 a4 30. a3 Nxa3 31.
bxa4 1-0

[Event "Live Chess"]
[Site "Chess.com"]
[Date "2023.05.20"]
[Round "-"]
[White "JoshMcK"]
[Black "Pandreq"]
[Result "0-1"]
[WhiteElo "1528"]
[BlackElo "1272"]
[TimeControl "300"]
[EndTime "10:24:13 PDT"]
[Termination "Pandreq won by resignation"]

1. e4 Nf6 2. e5 Nd5 3. d4 d6 4. c4 Nb6 5. f4 Bf5 6. Nc3 Nc6 7. Nf3 Nb4 8. c5 dxc5 9. d5 Nc2+ 10. Kf2 Nxa1 11.
Bb5+ Bd7 12. Bxd7+ Qxd7 13. Be3 c6 14. Bxc5 Nxd5 15.
Nxd5 Qxd5 16. Qxd5 cxd5 17. Rxa1 b6 18. Bb4 e6 19. Rc1 Bxb4 20. a3 Bc5+ 0-1

[Event "Live Chess"]
[Site "Chess.com"]
[Date "2023.05.20"]
[Round "-"]
[White "Bot_Boy"]
[Black "Fazer180"]
[Result "0-1"]
[WhiteElo "325"]
[BlackElo "1700"]
[TimeControl "300"]
[EndTime "10:24:22 PDT"]
[Termination "Fazer180 won on time"]

1. Nf3 e6 2. e4 d5 3. e5 c5 4. Be2 Nc6 5. d3 Qc7 6. Bf4 Nge7 7. g4 Ng6 8. Qd2 Ngxe5 9. Bxe5 Nxe5 10. Nxe5 Qxe5 11.
Nc3 Bd7 12. a4 Bc6 13. O-O Bd6 14. f4 Qd4+ 15. Rf2 Qb4 16. Ra2 O-O 17. Bf3 Bxf4 18. Qe1 Qd4 19. Ne2 Qe3 20. Ra3 Bc7 21. h4 Bg3 22. d4 Bxf2+ 23. Qxf2 Qxf2+ 24. Kxf2 cxd4 25. Nxd4 Rac8 26. b4 Bd7 27. b5 e5 28. b6 axb6 29.
Nf5 Bxf5 30. Bxd5 Rxc2+ 0-1

[Event "Live Chess"]
[Site "Chess.com"]
[Date "2023.05.20"]
[Round "-"]
[White "alexlines8"]
[Black "daveeeeR"]
[Result "0-1"]
[WhiteElo "1262"]
[BlackElo "1279"]
[TimeControl "300"]
[EndTime "10:24:23 PDT"]
[Termination "daveeeeR won by resignation"]

1. e4 c5 2. c4 Nc6 3. Nc3 e6 4. d3 Nge7 5. Nf3 d5 6. cxd5 exd5 7. Be2 a6 8. O-O d4 9. Na4 Bd7 10. Nxc5 Nb4 11. Nxb7 Qc7 12. a3 Nbc6 13. Qb3 Rb8 14. Qc2 Rxb7 15. g3 Ng6 16. Nxd4 Nxd4 0-1

[Event "Live Chess"]
[Site "Chess.com"]
[Date "2023.05.20"]
[Round "-"]
[White "gmnorfolk"]
[Black "Davidagye"]
[Result "1-0"]
[WhiteElo "2184"]
[BlackElo "1656"]
[TimeControl "300"]
[EndTime "10:24:25 PDT"]
[Termination "gmnorfolk won by resignation"]

1. d4 d5 2. c4 c6 3. Nf3 e6 4. g3 Nf6 5. Bg2 dxc4 6. Ne5 Bb4+ 7. Nc3 Qa5 8. O-O Bxc3 9. bxc3 Qxc3 10. Rb1 O-O 11. e3 Nbd7 12. Bd2 Qa3 13. Bb4 Qxa2 14. Bxf8 Kxf8 15. Ra1 Qb3 16. Qxb3 cxb3 17. Nc4 b5 18.
Bxc6 bxc4 19. Bxa8 c3 20. Rxa7 b2 21. Rc7 Nb6 22.
Rxc3 Nfd5 23. Bxd5 exd5 24. Rb1 Nc4 25. Rxc4 dxc4 26. Rxb2 Bf5 27. Rb4 c3 28. Rc4 c2 29.
f3 Bd3 30. Rc3 Ke7 31. Kf2 Kd6 32. Ke1 Kd5 33. Kd2 Bg6 34. Rc5+ Kd6 35. e4 f6 36. Rxc2 1-0

[Event "Live Chess"]
[Site "Chess.com"]
[Date "2023.05.20"]
[Round "-"]
[White "elizaveta_frundina"]
[Black "Assassin696969"]
[Result "1-0"]
[WhiteElo "1565"]
[BlackElo "2097"]
[TimeControl "300"]
[EndTime "10:24:34 PDT"]
[Termination "elizaveta_frundina won by resignation"]

1. e4 c6 2. Nf3 d5 3. exd5 cxd5 4.
d4 Nc6 5. Nc3 Bg4 6. Be2 e6 7.
O-O Bd6 8. h3 Bh5 9. Re1 Nge7 10. Ne5 Bxe2 11. Rxe2 O-O 12. Bf4 Nf5 13. Nb5 Bxe5 14.
Bxe5 Nxe5 15. dxe5 a6 16. Nc3 b5 17. g4 Nh4 18. Qd3 Rc8 19. Qg3 d4 20. Ne4 Ng6 21. f4 Qb6 22. Kh2 f5 23. gxf5 Rxf5 24. Nd6 Nxf4 25.
Nxf5 exf5 26. Qxf4 Rc4 27. Qxf5 Qd8 28. Rf1 h6 29. Qf7+ Kh7 30. Rg1 Qg8 31. Qg6+ Kh8 32. Reg2 Rc7 33. Qxh6+ gxh6 34. Rxg8+ Kh7 35. e6 Rxc2+ 36.
R8g2 Rc7 37. Rd2 Re7 38. Re1 Kg6 39. Rxd4 Kf5 40. Rd6 Kf4 41. Rd7 Re8 42. e7 Kf3 43. Rd8 Rxd8 1-0

[Event "Live Chess"]
[Site "Chess.com"]
[Date "2023.05.20"]
[Round "-"]
[White "ReeceHockton"]
[Black "TobyQuaite"]
[Result "0-1"]
[WhiteElo "331"]
[BlackElo "1701"]
[TimeControl "300"]
[EndTime "10:24:38 PDT"]
[Termination "TobyQuaite won by resignation"]

1. d4 e6 2. Nf3 Nf6 3. e3 c5 4.
Bc4 Nc6 5. Bb5 a6 6. Bxc6 bxc6 7.
dxc5 Bxc5 8. c4 d5 9. cxd5 cxd5 10. Nd4 Bb7 11. a3 e5 12. Nb3 Bb6 13. e4 Nxe4 14. Bg5 Qxg5 15. Qxd5 Bxd5 16. f3 Qxg2 17. Rg1 Qxg1+ 18.
Ke2 0-1

[Event "Live Chess"]
[Site "Chess.com"]
[Date "2023.05.20"]
[Round "-"]
[White "IanCalvert2"]
[Black "wot-not"]
[Result "1-0"]
[WhiteElo "1633"]
[BlackElo "1460"]
[TimeControl "300"]
[EndTime "10:24:44 PDT"]
[Termination "IanCalvert2 won by resignation"]

1. b3 Nf6 2. Bb2 d6 3. d4 Bg4 4. h3 Bh5 5. Nf3 Bxf3 6. exf3 Nc6 7. d5 Ne5 8. f4 Ned7 9. c4 Nb6 10. Be2 g6 11.
Bxf6 exf6 12. O-O Bg7 13. Nd2 O-O 14. Rc1 Nd7 15. b4 a5 16. a3 f5 17. Nf3 axb4 18. axb4 Nf6 19. Nd4 Ne4 20. Bf3 Re8 21. Re1 Ra2 22.
Bxe4 Rxe4 23. Nc2 Qe8 24. f3 Rxe1+ 25. Qxe1 Qxe1+ 26. Nxe1 Bd4+ 27. Kh2 Be3 28. Rc2 Rxc2 29. Nxc2 Bxf4+ 30. Kg1 Be5 31. Kf1 Kf8 32. Ke2 Ke7 33. Kd3 Kd7 34. Ne3 f4 35. Ng4 f5 36. Nf2 c6 37. b5 cxb5 38. cxb5 Kc7 39. Kc4 Kb6 40. Nd3 g5 41. Nxe5 dxe5 42. d6 h5 43. Kd5 g4 44. Kxe5 gxf3 45. gxf3 h4 46. Ke6 Kc5 47. d7 1-0

[Event "Live Chess"]
[Site "Chess.com"]
[Date "2023.05.20"]
[Round "-"]
[White "chessleanstrategist"]
[Black "LiamClery2020"]
[Result "0-1"]
[WhiteElo "410"]
[BlackElo "2077"]
[TimeControl "300"]
[EndTime "10:24:47 PDT"]
[Termination "LiamClery2020 won by checkmate"]

1. c4 Nf6 2. Nc3 e5 3. g3 c6 4. Bg2 d5 5. cxd5 cxd5 6. Nf3 e4 7. Nd4 Nc6 8. e3 Ne5 9. O-O h5 10. h4 Bg4 11. f3 exf3 12. Bxf3 Nxf3+ 13. Nxf3 Bd6 14. Qe1 Qc7 15. Ne2 Ne4 16. Kh2 g5 17. d3 Nxg3 18.
Nxg3 Bxf3 19. Rxf3 gxh4 20. Kg2 hxg3 21. Rf5 h4 22. e4 h3+ 23. Kf3 h2 24. Bf4 h1=Q+ 25. Qxh1 Rxh1 26. Rxh1 O-O-O 27. Bxd6 Qxd6 28. Rf4 g2 29.
Rg1 dxe4+ 30. Kxg2 Qxd3 31. Rf2 e3 32. Rf3 Rg8+ 33.
Kh3 Qh7# 0-1

[Event "Live Chess"]
[Site "Chess.com"]
[Date "2023.05.20"]
[Round "-"]
[White "OBrightwell100"]
[Black "hturner40"]
[Result "0-1"]
[WhiteElo "1293"]
[BlackElo "1833"]
[TimeControl "300"]
[EndTime "10:24:59 PDT"]
[Termination "hturner40 won by resignation"]

1. e4 Nc6 2. d4 e5 3. d5 Nce7 4. f4 Ng6 5. f5 Qh4+ 6. g3 Qxe4+ 7. Qe2 Qxh1 8. Bg2 Qxg1+ 9. Kd2 Qd4+ 10. Qd3 Qxd3+ 11.
Kxd3 0-1

[Event "Live Chess"]
[Site "Chess.com"]
[Date "2023.05.20"]
[Round "-"]
[White "lateforthesky"]
[Black "mach247"]
[Result "1-0"]
[WhiteElo "2088"]
[BlackElo "1325"]
[TimeControl "300"]
[EndTime "10:25:00 PDT"]
[Termination "lateforthesky won by checkmate"]

1. e4 d5 2. exd5 Qxd5 3. Nc3 Qd8 4. Nf3 Bg4 5. Bc4 e6 6. h3 Bxf3 7. Qxf3 c6 8. d3 Nf6 9. Bg5 Be7 10. O-O O-O 11. Rfe1 Nbd7 12. a4 a5 13. Rad1 Nd5 14. Bxe7 Qxe7 15. Bxd5 cxd5 16. Nxd5 Qc5 17. Nc3 Nf6 18.
Qe3 Qb4 19. Qd2 Rfc8 20. Rb1 Nd5 21. Re4 Qc5 22. Rc4 Qd6 23. Rxc8+ Rxc8 24. Nxd5 Qxd5 25. b3 h6 26. Re1 Qc5 27. Re2 e5 28. Qe3 Qxe3 29.
fxe3 f6 30. Kf1 Kf7 31. Ke1 Rc5 32. Kd2 b5 33. axb5 Rxb5 34. Re1 Ke6 35. Ra1 f5 36. Ra4 g5 37. Kc3 f4 38. exf4 gxf4 39. Re4 Kd5 40.
Kb2 Rb4 41. Rxb4 axb4 42. c3 bxc3+ 43. Kxc3 e4 44. dxe4+ Kxe4 45. b4 Ke3 46. b5 Kf2 47.
b6 Kxg2 48. b7 f3 49. b8=Q f2 50. Qg8+ Kf1 51. Qf7 Kg1 52. Qg6+ Kh1 53. Qf5 Kg1 54. Qg4+ Kh1 55. Qf3+ Kg1 56. Qg3+ Kf1 57. Kd2 h5 58. Ke3 h4 59. Qxf2# 1-0

[Event "Live Chess"]
[Site "Chess.com"]
[Date "2023.05.20"]
[Round "-"]
[White "friarnator"]
[Black "Zeraora719"]
[Result "1-0"]
[WhiteElo "1953"]
[BlackElo "855"]
[TimeControl "300"]
[EndTime "10:25:00 PDT"]
[Termination "friarnator won - game abandoned"]

1. e4 e5 2. d4 exd4 3. Nf3 d5 4.
Qxd4 dxe4 5. Qxe4+ Be7 6. Bc4 f5 7. Qe5 f4 8. Qxg7 Bb4+ 9. c3 Bxc3+ 10. Nxc3 Ne7 11. Qxh8+ Kd7 12. Be6+ Kxe6 13. Qxd8 Bd7 14. O-O Kf7 15. Ne5+ 1-0

[Event "Live Chess"]
[Site "Chess.com"]
[Date "2023.05.20"]
[Round "-"]
[White "BostonStrangler"]
[Black "LiamBellwood"]
[Result "1-0"]
[WhiteElo "2061"]
[BlackElo "2083"]
[TimeControl "300"]
[EndTime "10:25:04 PDT"]
[Termination "BostonStrangler won by resignation"]

1. Nf3 e6 2. g3 f5 3. Bg2 Nf6 4. d3 Be7 5. O-O O-O 6. Nbd2 d6 7.
e4 e5 8. exf5 Bxf5 9. d4 Nc6 10.
dxe5 dxe5 11. Qe2 Bxc2 12. Qc4+ Kh8 13. Qxc2 Nb4 14. Qb3 Nd3 15. Nc4 e4 16. Ng5 Nc5 17.
Qc2 Qd5 18. Re1 Nd3 19. Rd1 Rad8 20. Be3 h6 21. Nh3 Ng4 22. Nf4 Qf5 23. h3 Nge5 24.
Nxe5 1-0

[Event "Live Chess"]
[Site "Chess.com"]
[Date "2023.05.20"]
[Round "-"]
[White "yeetpizza74"]
[Black "GMHarry-youtube"]
[Result "0-1"]
[WhiteElo "448"]
[BlackElo "2164"]
[TimeControl "300"]
[EndTime "10:25:12 PDT"]
[Termination "GMHarry-youtube won by checkmate"]

1. e4 e5 2. Nf3 Nf6 3. Nc3 Bc5 4. d4 exd4 5. Nxd4 Nc6 6. Nxc6 bxc6 7. Bg5 Qe7 8. Bc4 d6 9. Bxf6 Qxf6 10. O-O d5 11.
exd5 Bd6 12. dxc6 O-O 13. Nd5 Qe5 14. g3 Be6 15. Re1 Qxb2 16. Nf4 Bxc4 17. Rb1 Qf6 18. Re4 Bxa2 19. Nd5 Bxd5 20. Rd4 Bc5 21. Rf4 Qd6 22. Rf5 Bxc6 23. Qxd6 Bxd6 24. Ra5 Rab8 25. Rxb8 Rxb8 26.
f3 Bxf3 27. Kf2 Bc6 28. Rxa7 Bc5+ 29. Ke2 Bxa7 30. Kd3 Rb1 31. c4 Rh1 32. Kc3 Rxh2 33. Kb4 Rh3 34. c5 Rxg3 35. Kc4 Rg5 36. Kd4 Rxc5 37.
Ke3 Rd5+ 38. Ke4 h5 39. Kf4 h4 40. Kg4 h3 41. Kxh3 Bd7+ 42. Kh4 c5 43. Kg3 c4 44. Kf4 c3 45. Ke4 c2 46. Kxd5 c1=Q 47. Kd6 Qc6+ 48. Ke7 Qe6+ 49. Kd8 Bb6# 0-1

[Event "Live Chess"]
[Site "Chess.com"]
[Date "2023.05.20"]
[Round "-"]
[White "bedsdrout"]
[Black "Albul"]
[Result "0-1"]
[WhiteElo "428"]
[BlackElo "2192"]
[TimeControl "300"]
[EndTime "10:25:14 PDT"]
[Termination "Albul won by checkmate"]

1. e4 d5 2. Qh5 Nf6 3. exd5 Nxh5 4. d3 Qxd5 5. Be2 Qxg2 6. Bxh5 Qxh1 7. Nc3 Qxg1+ 8. Ke2 Bg4+ 9. Ke3 Bxh5 10. Nd5 Na6 11. Kd4 O-O-O 12. b3 Qxf2+ 13. Ke4 Bg6+ 14. Ke5 Rxd5+ 15.
Kxd5 Qc5# 0-1

[Event "Live Chess"]
[Site "Chess.com"]
[Date "2023.05.20"]
[Round "-"]
[White "Delacorta"]
[Black "NatashaRegan"]
[Result "0-1"]
[WhiteElo "1393"]
[BlackElo "1890"]
[TimeControl "300"]
[EndTime "10:25:33 PDT"]
[Termination "NatashaRegan won by resignation"]

1. d4 Nf6 2. Nf3 e6 3. e3 b6 4.
Bd3 Bb7 5. b3 c5 6. Bb2 Nc6 7.
Nbd2 Nb4 8. O-O Nxd3 9. cxd3 Be7 10. dxc5 bxc5 11. Rc1 O-O 12. Nc4 d5 13. Ncd2 Rc8 14. Re1 Qa5 15. a3 Rfd8 16. e4 dxe4 17. Ne5 exd3 18. Nec4 Qc7 19. Re3 Rd5 20. Nf3 Rf5 21.
Nce5 Rd8 22. Rxd3 Nd5 23. Qc2 Nf4 24. Rc3 Rxe5 25. Rxc5 Rxc5 0-1